[Event "SWE-ch Masters 2018"]
[Site "Ronneby"]
[Date "2018.07.03"]
[Round "4"]
[White "Wengholm, Anders"]
[Black "Neretljak, Nedzad"]
[Result "1-0"]
[ECO "A07"]
[WhiteElo "2186"]
[BlackElo "2108"]
[Annotator "NA"]
[PlyCount "79"]
[EventDate "2018.06.30"]
[EventType "tourn"]
[EventCountry "SWE"]
[SourceTitle "playchess.com"]
[Source "ChessBase"]
[SourceQuality "1"]
[TimeControl "40/5400+30:1800+30"]

1. Nf3 d5 2. g3 Nc6 3. d3 e5 4. c3 g6 5. b4 a6 6. Qc2 Bg7 7. Bg2 Nf6 8. O-O O-O 9. a3 Nh5 10. e4 d4 11. cxd4 exd4 12. Nbd2 h6 13. Bb2 Be6 14. Nb3 Qc8 15. Nbxd4 Nxd4 16. Bxd4 Bh3 17. Bxg7 Kxg7 18. Qd2 Rd8 19. Qe3 g5 20. Nxg5 Bxg2 21. Kxg2 Qg4 22. Nh3 Rd6 23. f3 Qd7 24. Nf2 Rg6 25. Rac1 Rg8 26. Rc5 Nf6 27. Rfc1 c6 28. Rf5 Kh7 29. Qf4 Kg7 30. Qe5 Re8 31. Qc3 h5 32. Rxh5 Kf8 33. Rh8+ Ng8 34. Qc5+ Kg7 35. Rh5 Nf6 36. Rg5 Rh8 37. Rxg6+ fxg6 38. Rc4 Rh5 39. Qd4 Qc7 40. Ng4 1-0

[Event "SWE-ch Masters 2018"]
[Site "Ronneby"]
[Date "2018.07.04"]
[Round "5"]
[White "Walinder, Lars"]
[Black "Mattsson, Michael"]
[Result "1-0"]
[ECO "A28"]
[WhiteElo "2231"]
[BlackElo "2032"]
[Annotator "NA"]
[PlyCount "49"]
[EventDate "2018.06.30"]
[EventType "tourn"]
[EventCountry "SWE"]
[SourceTitle "playchess.com"]
[Source "ChessBase"]
[SourceQuality "1"]
[TimeControl "40/5400+30:1800+30"]

1. c4 e5 2. Nc3 Nf6 3. Nf3 Nc6 4. e3 Bb4 5. Qc2 O-O 6. Nd5 a5 7. a3 Bc5 8. Ng5 g6 9. h4 d6 10. Nxf6+ Qxf6 11. Ne4 Qe7 12. b3 Bf5 13. Bd3 Bb6 14. Bb2 Rfd8 15. h5 d5 16. cxd5 Rxd5 17. Bc4 Rd7 18. O-O-O Bc5 19. g4 Bxe4 20. Qxe4 Kg7 21. hxg6 hxg6 22. Qf4 Bxa3 23. Qh6+ Kf6 24. g5+ Kf5 25. Qh3+ 1-0

[Event "SWE-ch Masters 2018"]
[Site "Ronneby"]
[Date "2018.07.04"]
[Round "5"]
[White "Laksman, Efraim"]
[Black "Nyander, Joakim"]
[Result "0-1"]
[ECO "A30"]
[WhiteElo "2184"]
[BlackElo "2203"]
[Annotator "NA"]
[PlyCount "88"]
[EventDate "2018.06.30"]
[EventType "tourn"]
[EventCountry "SWE"]
[SourceTitle "playchess.com"]
[Source "ChessBase"]
[SourceQuality "1"]
[TimeControl "40/5400+30:1800+30"]

1. c4 c5 2. g3 e6 3. Bg2 Nf6 4. Nf3 a6 5. d4 cxd4 6. Nxd4 Qc7 7. b3 Bb4+ 8. Bd2 Be7 9. O-O Nc6 10. Nxc6 dxc6 11. Qc2 O-O 12. Bc3 b6 13. Nd2 Rd8 14. Ne4 Nd7 15. h4 h6 16. Qb2 f6 17. Rad1 Bb7 18. Qc2 Nf8 19. c5 bxc5 20. Bb2 Rd5 21. Nd2 Rd7 22. Rc1 a5 23. Rfd1 a4 24. Ne4 Rxd1+ 25. Rxd1 axb3 26. axb3 Qb6 27. Bc1 Ra1 28. Be3 Rxd1+ 29. Qxd1 Qb5 30. Qc2 Nd7 31. Nc3 Qb4 32. Qg6 Kf8 33. Ne4 Qxb3 34. Qh7 Qd1+ 35. Kh2 Qxe2 36. Nd2 Ne5 37. Bh3 Ng4+ 38. Bxg4 Qxg4 39. Qh8+ Kf7 40. Qb8 Qb4 41. Nf3 Ba6 42. Qa8 Bc4 43. h5 Bd5 44. Nh4 Qe1 0-1

[Event "SWE-ch Masters 2018"]
[Site "Ronneby"]
[Date "2018.07.04"]
[Round "5"]
[White "Adler, Bo"]
[Black "Nordahl, Nils"]
[Result "1-0"]
[ECO "B21"]
[WhiteElo "2177"]
[BlackElo "1839"]
[Annotator "NA"]
[PlyCount "47"]
[EventDate "2018.06.30"]
[EventType "tourn"]
[EventCountry "SWE"]
[SourceTitle "playchess.com"]
[Source "ChessBase"]
[SourceQuality "1"]
[TimeControl "40/5400+30:1800+30"]

1. e4 c5 2. f4 d6 3. Nf3 Nc6 4. Bb5 a6 5. Bxc6+ bxc6 6. O-O Nf6 7. e5 Nd5 8. d3 e6 9. c4 Nc7 10. exd6 Bxd6 11. Nc3 O-O 12. Be3 Qe7 13. Ne4 Rd8 14. Ne5 Bd7 15. Qh5 f6 16. Nxd6 Qxd6 17. Qf7+ Kh8 18. Qxf6 gxf6 19. Nf7+ Kg8 20. Nxd6 Ne8 21. Nb7 Rdb8 22. Nxc5 Bc8 23. Bd4 Kf7 24. Rae1 1-0

[Event "SWE-ch Masters 2018"]
[Site "Ronneby"]
[Date "2018.07.04"]
[Round "5"]
[White "Tiger-Norqvist, Axel"]
[Black "Wengholm, Anders"]
[Result "1/2-1/2"]
[ECO "B53"]
[WhiteElo "2158"]
[BlackElo "2186"]
[Annotator "NA"]
[PlyCount "123"]
[EventDate "2018.06.30"]
[EventType "tourn"]
[EventCountry "SWE"]
[SourceTitle "playchess.com"]
[Source "ChessBase"]
[SourceQuality "1"]
[TimeControl "40/5400+30:1800+30"]

1. e4 c5 2. Nf3 d6 3. d4 cxd4 4. Qxd4 a6 5. c4 e6 6. Be2 Nf6 7. Nc3 Be7 8. O-O O-O 9. Rd1 Nc6 10. Qd2 Qc7 11. h3 Rd8 12. Qe3 Bd7 13. Rb1 Ne5 14. b3 Bc6 15. a4 Nxf3+ 16. Bxf3 a5 17. Ba3 Nd7 18. Qf4 Ne5 19. Be2 Rac8 20. Qe3 Nd7 21. Bd3 b6 22. Bc2 Nc5 23. Bb2 Qb8 24. Nd5 Bf8 25. Nf4 Qb7 26. e5 dxe5 27. Bxe5 Be4 28. Rxd8 Rxd8 29. Bxe4 Nxe4 30. Re1 Nd6 31. Nh5 Nf5 32. Qg5 Rd3 33. Rb1 h6 34. Qg4 Kh8 35. Nf4 Rd7 36. Rd1 Bc5 37. Nd5 Bf8 38. Bc3 Qc6 39. Rd3 Kh7 40. Qe4 Kh8 41. Qg4 Kh7 42. Rf3 Qc8 43. Rxf5 exf5 44. Qxf5+ Kh8 45. Bd4 Qc6 46. Qe5 Rd8 47. Qh5 Bc5 48. Qh4 Re8 49. Bf6 Kh7 50. Bc3 Qg6 51. Nf4 Qb1+ 52. Kh2 Qf5 53. Qg3 f6 54. Qd3 Qxd3 55. Nxd3 Bd6+ 56. g3 Re2 57. Kg2 Rc2 58. Be1 Ra2 59. Bc3 Rc2 60. Be1 Ra2 61. Bc3 Rc2 62. Nc1 1/2-1/2

[Event "SWE-ch Masters 2018"]
[Site "Ronneby"]
[Date "2018.07.04"]
[Round "5"]
[White "Petersson, Baldur Teodor"]
[Black "Lindvall, Johannes"]
[Result "0-1"]
[ECO "C54"]
[WhiteElo "2153"]
[BlackElo "2010"]
[Annotator "NA"]
[PlyCount "50"]
[EventDate "2018.06.30"]
[EventType "tourn"]
[EventCountry "SWE"]
[SourceTitle "playchess.com"]
[Source "ChessBase"]
[SourceQuality "1"]
[TimeControl "40/5400+30:1800+30"]

1. e4 e5 2. Nf3 Nc6 3. Bc4 Bc5 4. c3 Nf6 5. Qe2 O-O 6. d3 d6 7. h3 a6 8. Bb3 Re8 9. Nbd2 Ba7 10. Nf1 Qe7 11. Ng3 Be6 12. O-O h6 13. Nh2 d5 14. Ng4 Rad8 15. Qf3 Nxg4 16. hxg4 dxe4 17. dxe4 Bxb3 18. axb3 Qe6 19. Nf5 Ne7 20. b4 Bb6 21. Ng3 Ng6 22. Nf5 Ne7 23. g3 Qc4 24. b3 Qd3 25. Nd4 Rxd4 0-1

[Event "SWE-ch Masters 2018"]
[Site "Ronneby"]
[Date "2018.07.04"]
[Round "5"]
[White "Neretljak, Nedzad"]
[Black "Mardell, Jimmy"]
[Result "1/2-1/2"]
[ECO "B76"]
[WhiteElo "2108"]
[BlackElo "2173"]
[Annotator "NA"]
[PlyCount "136"]
[EventDate "2018.06.30"]
[EventType "tourn"]
[EventCountry "SWE"]
[SourceTitle "playchess.com"]
[Source "ChessBase"]
[SourceQuality "1"]
[TimeControl "40/5400+30:1800+30"]

1. e4 c5 2. Nf3 d6 3. d4 cxd4 4. Nxd4 Nf6 5. Nc3 g6 6. Be3 Bg7 7. f3 O-O 8. Qd2 Nc6 9. O-O-O d5 10. Bb5 Nxd4 11. Bxd4 dxe4 12. Qf2 Qa5 13. Bc4 exf3 14. gxf3 Bf5 15. Rhe1 Qc7 16. Bb3 e6 17. Be5 Qa5 18. Qh4 Nh5 19. Bxg7 Kxg7 20. Rd7 Rad8 21. Rxb7 Rfe8 22. Qf2 a6 23. Qa7 Rf8 24. Rb5 Rd7 25. Qxd7 axb5 26. Qxb5 Qa7 27. Qe5+ Kg8 28. Qe3 Qc7 29. Qe5 Qb6 30. Ne4 Bxe4 31. Qxe4 Nf6 32. Qe3 Qc6 33. Rd1 Rc8 34. c3 h5 35. Rd4 Nd5 36. Bxd5 exd5 37. Qd3 Qb6 38. f4 Re8 39. f5 Re1+ 40. Kc2 Rh1 41. Qg3 Qa6 42. fxg6 fxg6 43. Rb4 Kh7 44. Qc7+ Kh6 45. Qf4+ Kh7 46. Qf7+ Kh6 47. Qf8+ Kh7 48. Qe7+ Kh6 49. Qe5 Kh7 50. Qxd5 Rxh2+ 51. Kb3 Rf2 52. Qd7+ Kh6 53. Rb8 Qe2 54. Rh8+ Kg5 55. Qd8+ Kg4 56. Qd7+ Kg5 57. Qd8+ Kg4 58. Qd4+ Kg5 59. c4 Rf4 60. Qg1+ Kh4 61. Qh1+ Kg4 62. Qg1+ Kh4 63. Qc1 Qf3+ 64. Kb4 Qb7+ 65. Ka4 Qa6+ 66. Kb4 Qb6+ 67. Ka4 Qa6+ 68. Kb4 Qb6+ 1/2-1/2

[Event "SWE-ch Masters 2018"]
[Site "Ronneby"]
[Date "2018.07.04"]
[Round "5"]
[White "Tegler, Erik"]
[Black "Andersson, Paul"]
[Result "1/2-1/2"]
[ECO "B26"]
[WhiteElo "2073"]
[BlackElo "2099"]
[Annotator "NA"]
[PlyCount "170"]
[EventDate "2018.06.30"]
[EventType "tourn"]
[EventCountry "SWE"]
[SourceTitle "playchess.com"]
[Source "ChessBase"]
[SourceQuality "1"]
[TimeControl "40/5400+30:1800+30"]

1. e4 c5 2. Nc3 Nc6 3. g3 g6 4. Bg2 Bg7 5. d3 d6 6. Be3 Nf6 7. h3 O-O 8. Nge2 Rb8 9. Qd2 e5 10. O-O Nd4 11. Kh2 Ne8 12. Nd5 Nc7 13. Nxc7 Qxc7 14. c3 Nc6 15. Bh6 f6 16. Bxg7 Kxg7 17. f4 Ne7 18. Rf2 Be6 19. Raf1 Rbd8 20. c4 Nc6 21. a3 a6 22. Nc3 Nd4 23. b4 b5 24. f5 Bg8 25. fxg6 hxg6 26. cxb5 cxb4 27. axb4 Rc8 28. Ne2 Nxb5 29. d4 Qc2 30. Qe3 Qc4 31. dxe5 dxe5 32. Ra1 Qe6 33. h4 Rc4 34. Bh3 Qc6 35. Qd3 Qb6 36. Raf1 Rd8 37. Qf3 Rd6 38. g4 Qd8 39. g5 Rcc6 40. Qg3 Qe7 41. Rf5 Bc4 42. gxf6+ Rxf6 43. Rxe5 Qxb4 44. Rxf6 Rxf6 45. Nf4 Qd2+ 46. Ng2 Nd4 47. Re7+ Kf8 48. Rd7 Bf7 49. Bg4 Rf2 50. Kh3 Rf3 51. Bxf3 Be6+ 52. Bg4 Bxd7 53. Bxd7 Ne2 54. Qf2+ Kg7 55. Bg4 Qd3+ 56. Qe3 Qxe3+ 57. Nxe3 Nc3 58. e5 a5 59. Nc4 a4 60. Bd7 Kf7 61. Kg4 Ke7 62. Bc6 Ke6 63. Kf4 Ne2+ 64. Ke4 Ng3+ 65. Kf3 Nf5 66. Kf4 Nxh4 67. Be4 a3 68. Nxa3 g5+ 69. Kxg5 Kxe5 70. Bb7 Nf5 71. Nc4+ Kd4 72. Nd2 Nd6 73. Bg2 Ke3 74. Nb3 Ne4+ 75. Kf5 Ng3+ 76. Ke5 Ne2 77. Na5 Kf2 78. Bc6 Ke3 79. Be4 Ng3 80. Nc4+ Kf2 81. Bg6 Kf3 82. Nd6 Ke3 83. Nf7 Kf3 84. Ng5+ Ke3 85. Bf7 Ne2 1/2-1/2

[Event "SWE-ch Masters 2018"]
[Site "Ronneby"]
[Date "2018.07.04"]
[Round "5"]
[White "Carlsson, Andreas"]
[Black "Svorono, Gabriel"]
[Result "1-0"]
[ECO "D11"]
[WhiteElo "2029"]
[BlackElo "2105"]
[Annotator "NA"]
[PlyCount "31"]
[EventDate "2018.06.30"]
[EventType "tourn"]
[EventCountry "SWE"]
[SourceTitle "playchess.com"]
[Source "ChessBase"]
[SourceQuality "1"]
[TimeControl "40/5400+30:1800+30"]

1. d4 d5 2. Nf3 Nf6 3. c4 c6 4. e3 e6 5. b3 Bd6 6. Bd3 Nbd7 7. Bb2 O-O 8. O-O Ne4 9. Qc2 f5 10. Ne5 Qg5 11. f4 Qe7 12. Nd2 g5 13. fxg5 Qxg5 14. Rf3 Kh8 15. Bxe4 fxe4 16. Rxf8+ 1-0

[Event "SWE-ch Masters 2018"]
[Site "Ronneby"]
[Date "2018.07.04"]
[Round "5"]
[White "Bit-Narva, David"]
[Black "Palmblad, Jan Peter"]
[Result "0-1"]
[ECO "D94"]
[WhiteElo "1977"]
[BlackElo "2099"]
[Annotator "NA"]
[PlyCount "54"]
[EventDate "2018.06.30"]
[EventType "tourn"]
[EventCountry "SWE"]
[SourceTitle "playchess.com"]
[Source "ChessBase"]
[SourceQuality "1"]
[TimeControl "40/5400+30:1800+30"]

1. d4 Nf6 2. Nf3 g6 3. e3 Bg7 4. c4 d5 5. Nc3 O-O 6. Be2 a6 7. c5 c6 8. O-O Nbd7 9. b4 Ne8 10. Bb2 Nc7 11. Nd2 e5 12. Nb3 e4 13. a4 f5 14. Qd2 Ne6 15. f4 exf3 16. gxf3 Bh6 17. Kh1 Nf6 18. Bc1 f4 19. e4 dxe4 20. fxe4 f3 21. Qxh6 fxe2 22. Nxe2 Nxe4 23. Rxf8+ Nxf8 24. Nf4 Bf5 25. Be3 Ng5 26. Nh5 Qd5+ 27. Kg1 Nh3+ 0-1

[Event "SWE-ch Masters 2018"]
[Site "Ronneby"]
[Date "2018.07.05"]
[Round "6"]
[White "Wengholm, Anders"]
[Black "Nyander, Joakim"]
[Result "1/2-1/2"]
[ECO "A30"]
[WhiteElo "2186"]
[BlackElo "2203"]
[Annotator "NA"]
[PlyCount "43"]
[EventDate "2018.06.30"]
[EventType "tourn"]
[EventCountry "SWE"]
[SourceTitle "playchess.com"]
[Source "ChessBase"]
[SourceQuality "1"]
[TimeControl "40/5400+30:1800+30"]

1. c4 c5 2. g3 e6 3. Bg2 Nf6 4. Nf3 a6 5. Nc3 Qc7 6. O-O Be7 7. b3 O-O 8. d4 cxd4 9. Nxd4 Nc6 10. Bb2 Rd8 11. Rc1 Ne5 12. Qd2 d6 {[%emt 0:04:41] LiveBook: 3 Games} 13. h3 Ng6 14. Rfd1 Bd7 15. Kh2 Rac8 $14 16. Nf3 Qb8 17. Ng5 b5 18. cxb5 axb5 19. Nge4 Ne8 20. f4 b4 21. Nb1 Rxc1 22. Rxc1 1/2-1/2

[Event "SWE-ch Masters 2018"]
[Site "Ronneby"]
[Date "2018.07.05"]
[Round "6"]
[White "Mardell, Jimmy"]
[Black "Petersson, Baldur Teodor"]
[Result "0-1"]
[ECO "B40"]
[WhiteElo "2173"]
[BlackElo "2153"]
[Annotator "NA"]
[PlyCount "58"]
[EventDate "2018.06.30"]
[EventType "tourn"]
[EventCountry "SWE"]
[SourceTitle "playchess.com"]
[Source "ChessBase"]
[SourceQuality "1"]
[TimeControl "40/5400+30:1800+30"]

1. e4 c5 2. Nf3 e6 3. c3 d5 4. e5 d4 5. cxd4 cxd4 6. Bb5+ Bd7 7. Nxd4 Bxb5 8. Nxb5 Nc6 {[%emt 0:00:16] B40: Sicilian: 2...e6, Unusual lines} 9. O-O a6 10. N5c3 Qd4 {[%emt 0:02:34] LiveBook: 4 Games} 11. Ne2 Qxe5 12. d4 Qh5 13. Nbc3 Nf6 14. Qb3 O-O-O $146 ({Predecessor:} 14... b5 15. Ng3 Qh4 16. Nxb5 axb5 17. Qxb5 {1-0 (61) Hassan,S (2325)-Surjadnji,A (2420) Cairo 1998}) 15. Bf4 Bd6 16. Rac1 $11 Kb8 17. Rfd1 Qf5 18. Bxd6+ Rxd6 19. Na4 Qd5 20. Qg3 Ne4 21. Qxg7 Rdd8 22. Nac3 Nxc3 23. Nxc3 Qf5 24. Qg3+ Ka8 25. d5 exd5 26. Na4 Rhg8 27. Rxd5 Qxd5 28. Qxg8 Qd2 29. Nb6+ Ka7 0-1

[Event "SWE-ch Masters 2018"]
[Site "Ronneby"]
[Date "2018.07.05"]
[Round "6"]
[White "Tiger-Norqvist, Axel"]
[Black "Walinder, Lars"]
[Result "1-0"]
[ECO "C02"]
[WhiteElo "2158"]
[BlackElo "2231"]
[Annotator "NA"]
[PlyCount "115"]
[EventDate "2018.06.30"]
[EventType "tourn"]
[EventCountry "SWE"]
[SourceTitle "playchess.com"]
[Source "ChessBase"]
[SourceQuality "1"]
[TimeControl "40/5400+30:1800+30"]

1. e4 e6 2. d4 d5 3. e5 c5 4. c3 Qb6 5. Nf3 Nc6 6. a3 Nh6 7. b4 cxd4 8. cxd4 Nf5 9. Bb2 Bd7 10. g4 Nh6 11. h3 f6 12. Bd3 {[%emt 0:02:08] C02: French: Advance Variation} (12. exf6 gxf6 13. Nc3 Nf7 14. Qe2 Be7 15. Na4 Qc7 16. Nc5 O-O 17. Bg2 Rae8 18. O-O Bd6 19. Rac1 a6 {0-1 (53) Shirov,A (2710)-Berg,E (2540) Tallinn 2006}) 12... fxe5 {[%emt 0:03:12] LiveBook: 3 Games} 13. dxe5 Be7 14. Nc3 O-O 15. Na4 Qd8 16. O-O Rc8 $146 ({Predecessor:} 16... Nf7 17. Qe2 Rc8 18. Nc3 Be8 19. Nb5 Qd7 {½-½ (44) Schmelz,A (2381)-Evans,G (2344) ICCF email 2010}) 17. Kg2 Qe8 18. Nc5 $11 Bxc5 19. bxc5 Ne7 20. Nh4 Bb5 21. Bd4 Bxd3 22. Qxd3 Qa4 23. f4 Nc6 24. Be3 g5 25. Ng6 Rf7 26. fxg5 Rxf1 27. Rxf1 Nf7 28. Rf4 Qa5 29. Bd4 Kg7 30. Nh4 Nxd4 31. g6 Ng5 32. Rxd4 Qxc5 33. Rb4 b6 34. gxh7 Qc2+ 35. Qxc2 Rxc2+ 36. Kf1 Kxh7 37. Ra4 a5 38. Rf4 Rc7 39. Rf6 Rf7 40. Rxf7+ Nxf7 41. Nf3 Kg6 42. h4 b5 43. Ke2 Nh6 44. h5+ Kg7 45. g5 Nf5 46. Kd3 Ng3 47. h6+ Kh7 48. Nd4 Ne4 49. Nxe6 b4 50. axb4 axb4 51. Nf8+ Kg8 52. h7+ Kg7 53. g6 Nc5+ 54. Kc2 b3+ 55. Kb1 d4 56. e6 d3 57. e7 d2 58. e8=N+ 1-0

[Event "SWE-ch Masters 2018"]
[Site "Ronneby"]
[Date "2018.07.05"]
[Round "6"]
[White "Andersson, Paul"]
[Black "Neretljak, Nedzad"]
[Result "1-0"]
[ECO "A48"]
[WhiteElo "2099"]
[BlackElo "2108"]
[Annotator "NA"]
[PlyCount "45"]
[EventDate "2018.06.30"]
[EventType "tourn"]
[EventCountry "SWE"]
[SourceTitle "playchess.com"]
[Source "ChessBase"]
[SourceQuality "1"]
[TimeControl "40/5400+30:1800+30"]

1. d4 Nf6 2. Nf3 g6 3. c4 Bg7 4. Nc3 O-O 5. Bg5 c5 6. d5 h6 7. Bh4 d6 8. e3 Bg4 {[%emt 0:07:02] E61: King's Indian: Early deviations for White, including Smyslov System} (8... g5 9. Bg3 Nh5 10. Bd3 f5 11. Nd2 Nxg3 12. hxg3 Nd7 13. f4 Nf6 14. Qe2 gxf4 15. gxf4 Ng4 16. e4 fxe4 17. Qxe4 {0-1 (34) Indjic,A (2581)-Amin,B (2680) Abu Dhabi 2017}) 9. Be2 Nbd7 10. O-O g5 11. Bg3 Nh5 12. Nd2 $146 ({Predecessor:} 12. Qc2 Ndf6 13. Rae1 Nxg3 14. fxg3 Bd7 15. Nd2 {1-0 (45) Andersen,L (2089)-Rasmussen,J (2122) ICCF email 2007}) 12... Nxg3 13. hxg3 Bf5 14. f4 e6 15. dxe6 fxe6 16. Nde4 $1 gxf4 17. gxf4 Qh4 18. g3 Qh3 19. Rf2 Bxe4 20. Nxe4 Nf6 21. Rg2 $18 h5 22. Nf2 Qf5 23. Bd3 1-0

[Event "SWE-ch Masters 2018"]
[Site "Ronneby"]
[Date "2018.07.05"]
[Round "6"]
[White "Palmblad, Jan Peter"]
[Black "Svorono, Gabriel"]
[Result "1-0"]
[ECO "B32"]
[WhiteElo "2099"]
[BlackElo "2105"]
[Annotator "NA"]
[PlyCount "105"]
[EventDate "2018.06.30"]
[EventType "tourn"]
[EventCountry "SWE"]
[SourceTitle "playchess.com"]
[Source "ChessBase"]
[SourceQuality "1"]
[TimeControl "40/5400+30:1800+30"]

1. e4 c5 2. Nf3 Nc6 3. d4 cxd4 4. Nxd4 Qb6 5. Nb3 Nf6 6. Nc3 e6 7. a3 Be7 8. Be3 Qc7 9. f4 d6 {[%emt 0:00:12] B33: Sicilian: Pelikan and Sveshnikov Variations} 10. Be2 {[%emt 0:03:04] LiveBook: 4 Games} a6 11. Bf3 b5 12. g4 Bb7 13. g5 Nd7 {[%emt 0:00:09] [#]} 14. f5 $146 ({White should try} 14. h4 $11) ({Predecessor:} 14. Qe2 Nb6 15. a4 Nxa4 16. Nxa4 bxa4 17. Rxa4 O-O 18. O-O {½-½ (55) Baramidze,D (2561)-Korneev,O (2606) Austria 2007}) 14... Nde5 15. fxe6 (15. Be2 $11) 15... fxe6 16. Bh5+ g6 17. Bg4 Nxg4 (17... Nc4 $17 18. Bc1 Bc8) 18. Qxg4 Qd7 19. O-O-O Ne5 20. Qh3 Nc4 21. Nc5 Qc8 22. Nxb7 Qxb7 23. e5 $2 (23. Rd3 $11 {and White is okay.}) 23... Nxe3 $14 (23... b4 $19 24. exd6 bxc3) 24. Qxe3 d5 25. Rhf1 b4 26. axb4 Qxb4 27. Rd4 Bc5 28. Rxb4 Bxe3+ 29. Kd1 O-O-O 30. Rf7 Rd7 31. Rxd7 Kxd7 32. Rb7+ Kc8 33. Re7 Bxg5 34. Rxe6 Rf8 35. Ke2 Rf4 36. Nxd5 Rh4 37. Nb6+ Kb7 38. c4 Rxh2+ 39. Kd3 Rxb2 40. Nd5 Rb1 41. Rd6 Rd1+ 42. Kc3 Rc1+ 43. Kb4 a5+ 44. Kc5 a4 45. Rd7+ Kb8 46. Rxh7 a3 47. Nb4 Kc8 48. e6 a2 49. Nxa2 Re1 50. Kd5 Rd1+ 51. Kc6 Kd8 52. Nb4 Re1 53. Rh8+ 1-0

[Event "SWE-ch Masters 2018"]
[Site "Ronneby"]
[Date "2018.07.05"]
[Round "6"]
[White "Mattsson, Michael"]
[Black "Nordahl, Nils"]
[Result "1-0"]
[ECO "B53"]
[WhiteElo "2032"]
[BlackElo "1839"]
[Annotator "NA"]
[PlyCount "61"]
[EventDate "2018.06.30"]
[EventType "tourn"]
[EventCountry "SWE"]
[SourceTitle "playchess.com"]
[Source "ChessBase"]
[SourceQuality "1"]
[TimeControl "40/5400+30:1800+30"]

1. e4 c5 2. Nf3 d6 3. d4 cxd4 4. Qxd4 Nc6 5. Bb5 Bd7 6. Bxc6 Bxc6 7. Nc3 e5 8. Qd3 Nf6 9. O-O Be7 10. Bg5 h6 {[%emt 0:03:58] B53: Sicilian: 2...d6: Lines with Qxd4} (10... O-O 11. Bxf6 Bxf6 12. Nd2 Qe7 13. Nc4 Rfd8 14. Ne3 Rac8 15. Ned5 Qe6 16. a4 Be7 17. Rfd1 Bf8 18. Qe3 Bxd5 19. Rxd5 a6 {1-0 (63) Zajic,M (2499)-Radic,B (2222) Bosna 2017}) 11. Bxf6 $1 Bxf6 12. Nd2 Qc7 13. Nc4 Be7 14. Rfd1 Rd8 15. Ne3 O-O 16. a4 $146 ({Predecessor:} 16. Ncd5 Qd7 17. Nf5 Bxd5 18. Qxd5 {0-1 (46) Gruermann,M (2104)-Werthebach,F (2161) Germany 2010}) 16... a6 17. b4 Bg5 18. Ned5 Bxd5 19. Nxd5 Qd7 20. Qb3 Kh8 21. Rd3 f5 22. f3 fxe4 23. fxe4 Qf7 24. Rf3 Qg6 25. Raf1 Rxf3 26. Qxf3 Rc8 27. Qg4 $16 Qe8 28. h4 Bd2 29. Ne7 Be3+ 30. Kh2 Bf4+ 31. Rxf4 1-0

[Event "SWE-ch Masters 2018"]
[Site "Ronneby"]
[Date "2018.07.05"]
[Round "6"]
[White "Carlsson, Andreas"]
[Black "Tegler, Erik"]
[Result "1-0"]
[ECO "E11"]
[WhiteElo "2029"]
[BlackElo "2073"]
[Annotator "NA"]
[PlyCount "79"]
[EventDate "2018.06.30"]
[EventType "tourn"]
[EventCountry "SWE"]
[SourceTitle "playchess.com"]
[Source "ChessBase"]
[SourceQuality "1"]
[TimeControl "40/5400+30:1800+30"]

1. Nf3 Nf6 2. c4 e6 3. d4 Bb4+ 4. Bd2 a5 5. g3 O-O 6. Bg2 d6 7. O-O Bxd2 {[%emt 0:00:24] E11: Bogo-Indian} 8. Qxd2 Qe7 {[%emt 0:00:29] LiveBook: 44 Games} (8... b6 9. Nc3 Bb7 10. Qc2 Nbd7 11. e4 e5 12. Rad1 Re8 13. dxe5 dxe5 14. Bh3 Qe7 15. Nd5 Nxd5 16. exd5 {½-½ (75) Nyback,T (2610)-Neiksans,A (2570) Finland 2015}) 9. Nc3 Nbd7 10. Rfe1 h6 $146 ({Predecessor:} 10... e5 11. e4 c6 12. b3 {½-½ (12) Laketic,G (2370)-Dushyant,S (2219) Novi Sad 2017}) 11. h4 e5 12. e3 c6 13. e4 Nb6 14. b3 Bg4 15. Nh2 Bh5 16. Qe3 Qc7 17. f4 Nbd7 18. Bh3 exf4 19. gxf4 Rfe8 $14 20. e5 d5 21. Qg3 Nh7 22. cxd5 cxd5 23. Nxd5 Qd8 24. Ne3 Ra6 25. f5 Kh8 26. Kh1 a4 27. Ng2 Rg8 28. Nf4 g6 29. Qf2 axb3 30. axb3 Rxa1 31. Rxa1 Nb6 32. Bg2 Qc8 33. f6 Qc3 34. Rg1 Qxb3 35. Nxh5 gxh5 36. Be4 Nf8 37. Rxg8+ Kxg8 38. Qg2+ Ng6 39. Bxg6 Qd1+ 40. Nf1 1-0

[Event "SWE-ch Masters 2018"]
[Site "Ronneby"]
[Date "2018.07.05"]
[Round "6"]
[White "Lindvall, Johannes"]
[Black "Laksman, Efraim"]
[Result "0-1"]
[ECO "B31"]
[WhiteElo "2010"]
[BlackElo "2184"]
[Annotator "NA"]
[PlyCount "58"]
[EventDate "2018.06.30"]
[EventType "tourn"]
[EventCountry "SWE"]
[SourceTitle "playchess.com"]
[Source "ChessBase"]
[SourceQuality "1"]
[TimeControl "40/5400+30:1800+30"]

1. e4 c5 2. Nf3 Nc6 3. Bb5 g6 4. Bxc6 bxc6 5. O-O Bg7 6. c3 Nf6 7. d3 O-O 8. Be3 d6 9. h3 e5 {[%emt 0:07:13] B31: Sizilianisch (Rossolimo-Variante)} (9... a5 10. Nbd2 Ba6 11. Qc2 e5 12. Rfd1 a4 13. a3 Qa5 14. d4 c4 15. Nf1 exd4 16. Bxd4 Rad8 17. Ne3 {½-½ (40) Krejci,J (2521)-Kilgus,G (2429) Vienna 2015}) 10. Nbd2 Ne8 $146 ({Vorgänger:} 10... h6 11. Qa4 Qc7 12. Nc4 Be6 13. Na5 {½-½ (38) Silar,L-Simek,P (2165) Czechia 1997}) 11. d4 exd4 12. cxd4 cxd4 13. Bxd4 ({But not} 13. Nxd4 c5 $15) 13... Nf6 14. e5 dxe5 15. Bxe5 Be6 16. Qc2 Bd5 17. Qc3 Nh5 18. Bxg7 Nxg7 19. Ne5 Rc8 20. b3 f6 21. Ng4 f5 22. Ne5 Ne6 23. Ndf3 Qf6 24. Rac1 Qg7 25. Rfe1 $11 g5 26. Nxc6 Rxc6 27. Qxg7+ Nxg7 28. Rxc6 Bxc6 29. Nxg5 h6 0-1

[Event "SWE-ch Masters 2018"]
[Site "Ronneby"]
[Date "2018.07.05"]
[Round "6"]
[White "Bit-Narva, David"]
[Black "Adler, Bo"]
[Result "0-1"]
[ECO "B00"]
[WhiteElo "1977"]
[BlackElo "2177"]
[Annotator "NA"]
[PlyCount "54"]
[EventDate "2018.06.30"]
[EventType "tourn"]
[EventCountry "SWE"]
[SourceTitle "playchess.com"]
[Source "ChessBase"]
[SourceQuality "1"]
[TimeControl "40/5400+30:1800+30"]

1. e4 Nc6 2. d4 d5 3. e5 Bf5 4. Bb5 e6 5. Ne2 {[%emt 0:03:42] B00: Queen's Fianchetto Defence, Nimzowitsch Defence} Nge7 6. O-O a6 7. Bd3 $146 ({Predecessor:} 7. Ba4 f6 8. f4 Qd7 9. Nd2 Nc8 10. Bxc6 Qxc6 11. c3 Bg6 12. g4 Ne7 {½-½ (94) Colias,B-West,G (2260) London 1985}) 7... Bxd3 8. Qxd3 Nf5 9. g4 ({White should try} 9. c3 $11) 9... Nh4 10. Ng3 (10. c3 $15) 10... Nxd4 11. f4 Nc6 12. Be3 d4 13. Bf2 Qd5 14. Qe4 Qxe4 15. Nxe4 Ng6 16. Bg3 h5 17. h3 Be7 18. Nbd2 hxg4 19. hxg4 O-O-O 20. Nf3 f6 21. exf6 gxf6 22. a3 (22. f5 $142 exf5 23. gxf5) 22... Rdg8 23. Kf2 $19 Nxf4 24. Bxf4 Rxg4 25. Bxc7 Kxc7 26. Rae1 f5 27. Ned2 e5 0-1